 Dungeon Crawl Stone Soup version 0.32-a0-132-g2d33c3cfaf (webtiles) character file.

Game seed: 5323002570400139269

2631286 TungstenOldMan the Minotaur Barricade (level 27, 273/273 HPs)
             Began as a Minotaur Berserker on Feb 9, 2024.
             Was the Champion of Trog.
             Escaped with the Orb
             ... and 4 runes!
             The game lasted 02:12:42 (58556 turns).

TungstenOldMan the Minotaur Barricade (MiBe)       Turns: 58556, Time: 02:12:43

Health: 273/273    AC: 40    Str: 28    XL:     27
Magic:  22/22      EV: 25    Int:  4    God:    Trog [******]
Gold:   2843       SH: 31    Dex: 19    Spells: 26/26 levels left

rFire   + . .        X - +9 broad axe (heavy)
rCold   + + +        F - +0 tower shield
rNeg    + + +        K - +9 scales of the Dragon King {rPois rF+ rC+ Will+}
rPois   +            Z - +0 hat {Will+}
rElec   .            t - +1 cloak of Starlight {*Dazzle EV+4 Stlth--}
rCorr   +            o - +2 pair of gloves
SInv    +            s - +1 pair of boots of Trial and Error {rC+ rN+ Will+ Str+2}
Will    +++++        g - amulet "Leeri" {Reflect rN+ Regen+ Str+4 SH+5} Stlth
                     P - ring of Mistrust {^Contam rC+ rN+ Dex+3 SInv}
HPRegen 1.45/turn    R - ring of resist corrosion
MPRegen 0.18/turn

%: reflection
@: no status effects
A: horns 2, retaliatory headbutt, clumsy 2, deformed body, strong-willed 1, weak
2, inability to drink after injury 1
0: Orb of Zot
}: 4/15 runes: decaying, slimy, silver, gossamer
a: Renounce Religion, Berserk, Trog's Hand, Brothers in Arms


You escaped.
You worshipped Trog.
Trog was exalted by your worship.
You visited 12 branches of the dungeon, and saw 56 of its levels.
You also visited: Ossuary and Bailey.

You collected 8772 gold pieces.
You spent 5929 gold pieces at shops.

Inventory:

Hand Weapons
 n - a +5 antimagic broad axe
 y - a +6 broad axe of flaming
 U - a +6 heavy broad axe
 X - a +9 heavy broad axe (weapon)
Missiles
 f - a throwing net {=f!f}
Armour
 o - a +2 pair of gloves (worn)
 s - the +1 pair of boots of Trial and Error (worn) {rC+ rN+ Will+ Str+2}
   (You found it on level 4 of the Dungeon)

   Str+2:     It affects your strength (+2).
   rC+:       It protects you from cold.
   rN+:       It protects you from negative energy.
   Will+:     It increases your willpower.
 t - the +1 cloak of Starlight (worn) {*Dazzle EV+4 Stlth--}
   (You acquired it on level 1 of the Elven Halls)

   *Dazzle:   It may blind those who miss an attack against the wearer in melee
   combat.
   EV+4:      It affects your evasion (+4).
   Stlth--:   It makes you much less stealthy.
 E - the +0 pair of boots "Zibod" {rElec rC+ rCorr}
   (You found it on level 1 of the Realm of Zot)

   rC+:       It protects you from cold.
   rElec:     It insulates you from electricity.
   rCorr:     It protects you from acid and corrosion.
 F - a +0 tower shield (worn)
 K - the +9 scales of the Dragon King (worn) {rPois rF+ rC+ Will+}
   (You bought it in a shop on level 1 of the Elven Halls)

   rF+:       It protects you from fire.
   rC+:       It protects you from cold.
   rPois:     It protects you from poison Will+: It increases your willpower.
 Z - a +0 hat of willpower (worn)
Jewellery
 c - the ring of Pessimism {rPois rCorr Str-4 Dex+6 SInv}
   (You took it off a kobold in a bailey)

   [ring of dexterity]

   Str-4:     It affects your strength (-4).
   Dex+6:     It affects your dexterity (+6).
   rPois:     It protects you from poison SInv: It lets you see invisible.
   rCorr:     It protects you from acid and corrosion.
 g - the amulet "Leeri" (around neck) {Reflect rN+ Regen+ Str+4 SH+5}
   (You bought it in a shop on level 1 of the Depths)

   [amulet of reflection]

   Reflect:   It reflects blocked missile attacks.
   Str+4:     It affects your strength (+4).
   rN+:       It protects you from negative energy.
   Regen+:    It increases your rate of health regeneration.
   SH+5:      It affects your SH (+5).
 q - the ring of Shadows {Umbra +Inv Stlth+}
   (You found it on level 5 of the Vaults)

   [ring of stealth]

   Umbra:     It surrounds you with an aura of shadow, increasing your stealth
   and reducing the accuracy of all others within it.
   +Inv:      It lets you turn invisible.
   Stlth+:    It makes you more stealthy.
 v - the ring "Jaehun" {rF+ rN+ Int+3 SInv Stlth+}
   (You found it on level 5 of the Pits of Slime)

   [ring of see invisible]

   Int+3:     It affects your intelligence (+3).
   rF+:       It protects you from fire.
   rN+:       It protects you from negative energy.
   SInv:      It lets you see invisible.
   Stlth+:    It makes you more stealthy.
 M - the ring "Teula" {rElec rC+ Will- Str+3 Dex+2}
   (You took it off a deep elf sorcerer on level 3 of the Elven Halls)

   [ring of protection from cold]

   Str+3:     It affects your strength (+3).
   Dex+2:     It affects your dexterity (+2).
   rC+:       It protects you from cold.
   rElec:     It insulates you from electricity.
   Will-:     It decreases your willpower.
 O - the ring of the Tempest {rF+ Will+ Str-4 Int+4 Dex+6}
   (You found it on level 5 of the Pits of Slime)

   [ring of dexterity]

   Str-4:     It affects your strength (-4).
   Int+4:     It affects your intelligence (+4).
   Dex+6:     It affects your dexterity (+6).
   rF+:       It protects you from fire.
   Will+:     It increases your willpower.
 P - the ring of Mistrust (left hand) {^Contam rC+ rN+ Dex+3 SInv}
   (You took it off a deep elf demonologist on level 3 of the Elven Halls)

   [ring of positive energy]

   Dex+3:     It affects your dexterity (+3).
   rC+:       It protects you from cold.
   rN+:       It protects you from negative energy.
   SInv:      It lets you see invisible.
   ^Contam:   It causes magical contamination when unequipped.
 R - a ring of resist corrosion (right hand)
Wands
 V - a wand of digging (25)
Scrolls
 b - a scroll of summoning
 d - 7 scrolls of vulnerability {!r!r}
 j - 18 scrolls of teleportation {@r4}
 l - 17 scrolls of immolation {!r!r}
 m - 4 scrolls of poison {!r}
 r - 8 scrolls of fog
 u - 8 scrolls of enchant weapon
 w - 9 scrolls of enchant armour
 G - 5 scrolls of revelation
 I - 6 scrolls of blinking {!r}
 N - 3 scrolls of silence {!r!r}
 Q - 6 scrolls of fear
Potions
 a - 9 potions of brilliance
 e - 31 potions of curing {@q1}
 h - 3 potions of resistance
 i - 14 potions of heal wounds {@q2}
 k - 4 potions of magic
 p - 8 potions of cancellation
 x - 3 potions of invisibility
 z - 12 potions of lignification {!q}
 A - 3 potions of might
 B - 12 potions of enlightenment
 C - 2 potions of ambrosia
 D - 10 potions of attraction {!q}
 H - 6 potions of mutation {!q}
 S - 2 potions of haste {@q3}
 W - 7 potions of berserk rage {!q}
Miscellaneous
 J - a tin of tremorstones (2/2)
 L - a phantom mirror
 T - a phial of floods
 Y - a lightning rod (4/4)


   Skills:
 O Level 27 Fighting
 O Level 27 Axes
 O Level 27 Armour
 O Level 27 Dodging
 O Level 27 Shields
 + Level 2.4 Evocations


You had 26 spell levels left.
You didn't know any spells.
Your spell library was empty.

Dungeon Overview and Level Annotations

Branches:
Dungeon (15/15)            Temple (1/1) D:7            Lair (5/5) D:11
  Swamp (4/4) Lair:3       Spider (4/4) Lair:2        Slime (5/5) Lair:4
    Orc (2/2) D:9             Elf (3/3) Orc:2        Vaults (5/5) D:13
  Crypt (3/3) Vaults:2       Tomb (0/3) Crypt:3      Depths (4/4) D:15
    Zot (5/5) Depths:4    Ossuary (visited)          Bailey (visited)

Altars:
Ashenzari
Cheibriados
Dithmenos
Elyvilon
Fedhas
Gozag
Hepliaklqana
Kikubaaqudgha
Makhleb
Nemelex Xobeh
Okawaru
Qazlal
Ru
Sif Muna
Trog
Uskayaw
Vehumet
Wu Jian
Xom
Yredelemnul
Zin
The Shining One

Shops:
D:4 *   D:12 ?   D:13 *   D:14 [   D:15 ?   Orc:2 *:([   Elf:1 =([   Vaults:3 *
Vaults:4 [   Depths:1 *

Portals:
Hell: Depths:1 Depths:2 Depths:4
Abyss: D:10 Depths:3
Pandemonium: Depths:2 Depths:4
Ziggurat: Depths:2


Innate Abilities, Weirdness & Mutations

You have a pair of horns on your head.
You reflexively headbutt those who attack you in melee.
You are very clumsy. (Dex -4)
Armour fits poorly on your strangely shaped body.
You are strong-willed. (Will+)
You are very weak. (Str -4)
You occasionally lose the ability to drink potions when taking damage.


Message History

Unknown command.
You slice the Orb Guardian!! You block the Orb Guardian's attack.
Unknown command.
Unknown command.
You slice the Orb Guardian!! Your headbutt misses the Orb Guardian.
You block the Orb Guardian's attack. The Orb Guardian hits you!
You closely miss the Orb Guardian. You headbutt the Orb Guardian.
You block the Orb Guardian's attack.
Unknown command.
You open the Orb Guardian like a pillowcase!!!
You kill the Orb Guardian!
Trog accepts your kill.
Your Evocations skill increases to level 2!
Unknown command.
No target in view!
Unknown command.
There is an open door here.
There is a stone staircase leading up here.
Unknown command.
You climb upwards.
There is a stone staircase leading down here.
You see here a +0 robe.
There is a stone staircase leading up here.
You climb upwards.
There is a stone staircase leading down here.
There is a stone staircase leading up here.
You climb upwards.
There is a stone staircase leading down here.
There is an open door here.
A large abomination comes into view.
Unknown command.
You block the large abomination's attack.
You slash the large abomination!
You headbutt the large abomination, but do no damage.
You block the large abomination's attack.
You slash the large abomination!
Your headbutt misses the large abomination.
You block the large abomination's attack.
You closely miss the large abomination. You headbutt the large abomination.
The large abomination completely misses you.
You furiously retaliate!
You headbutt the large abomination! You barely miss the large abomination.
You headbutt the large abomination!
You destroy the large abomination!
Trog accepts your kill.
Unknown command.
There is an escape hatch in the ceiling here.
A mysterious force pulls you upwards. The hatch slams shut behind you.
You see here a +0 mace.
There is a staircase leading out of the dungeon here.
You have escaped!

#............#..########
#........(..............
#..........)##...)......
#.......................
#...........##..........
#...........##..........
#...........##.....#....
######..)..........+....
#.@..........##....
#..#######...##....
#..##...##...##....
##..#.###.#...#.....
#...#.#⌠'.#.........
#...+.###.#..#.>....
#...##...##..###....
#...####'##..###....
#.............#..###


There were no monsters in sight!

Vanquished Creatures
  the Royal Jelly (Slime:5)
  Tiamat (Zot:1)
  6 ancient liches
  7 dread liches
  5 orbs of fire
  Mara (Vaults:2)
  Mennas (Depths:2)
  Xtahua (Vaults:5)
  Sojobo (Crypt:2)
  Vv (Depths:4)
  Boris (twice) (Vaults:3 Depths:1)
  3 curse toes
  6 Killer Klowns
  Saint Roka (Crypt:2)
  5 caustic shrikes (Depths:4)
  13 golden dragons
  Jory (Vaults:5)
  A Brimstone Fiend (Depths:1)
  2 electric golems (Zot:5)
  16 tentacled monstrosities
  Mlioglotl (Swamp:4)
  28 Orb Guardians
  Jorgrun (D:15)
  4 liches
  A shard shrike skeleton (Crypt:3)
  An Executioner (D:5)
  2 deep elf master archers (Elf:3)
  2 deep elf blademasters (Elf:3)
  9 quicksilver dragons
  4 titans (Vaults:5)
  5 sphinxes
  20 acid blobs
  10 death cobs
  Gastronok (D:9)
  3 ancient champions
  10 shadow dragons
  10 tengu reavers
  4 protean progenitors
  Aizul (Vaults:1)
  3 thorn hunters
  10 storm dragons
  Kirke (Lair:4)
  3 fenstrider witches (Swamp:4)
  5 draconian knights
  Donald (Vaults:2)
  3 daevas (Depths:2)
  13 draconian monks
  2 revenants (Crypt:2)
  7 fire giants
  14 rockslimes
  10 draconian scorchers
  14 azure jellies
  7 emperor scorpions
  5 deep elf sorcerers
  10 frost giants
  4 spectral caustic shrikes (Depths:4)
  19 vault wardens
  5 ghost moths
  3 balrugs
  The ghost of t4s4d4r the Eclecticist, a journeyman DEEE of Vehumet (Spider:1)
  4 iron dragons
  3 juggernaut zombies (Crypt:3)
  3 curse skulls
  6 deep elf elementalists (Elf:3)
  3 ghouls (Crypt:2)
  3 angels (Depths:2)
  24 ironbound preservers
  5 reapers
  3 spriggan defenders (Depths:3)
  6 draconian shifters
  6 draconian annihilators
  2 orc warlords
  2 draconian stormcallers
  3 broodmothers
  13 quicksilver oozes
  11 formless jellyfish
  25 stone giants
  11 very ugly things
  5 vampire knights
  7 ironbound thunderhulks
  12 green draconians
  A juggernaut skeleton (Crypt:3)
  An eleionoma (Swamp:2)
  4 deep elf demonologists (Elf:3)
  9 deep elf death magi
  14 red draconians
  9 purple draconians
  4 bunyips
  11 dire elephants
  2 deep elf annihilators
  14 yellow draconians
  6 war gargoyles
  8 black draconians
  15 white draconians
  2 eidola (Crypt:3)
  3 blizzard demons
  12 spark wasps
  Josephine (Orc:1)
  A mummy priest (Crypt:3)
  3 crystal guardians
  14 jiangshi
  3 deep elf high priests
  4 entropy weavers
  A quicksilver dragon zombie (Crypt:3)
  11 ettins
  5 fire dragons
  The ghost of Zimawyzi the Bringer of Life, a journeyman HuAr of Elyvilon (D:12)
  29 vault guards
  5 rakshasas
  10 yaktaur captains
  The ghost of hackum the Fighter, a journeyman DgFi (D:10)
  3 spriggan zombies (Crypt:3)
  An entropy weaver (shapeshifter) (Elf:3)
  8 ice dragons
  11 great orbs of eyes
  4 peacekeepers
  2 jorogumos
  14 hydras
  7 ogre magi
  5 ironbound frosthearts
  8 spriggan air magi
  Erica (D:8)
  7 alligators
  A hell beast (Swamp:4)
  4 death knights
  A ghost crab (Swamp:3)
  A fenstrider witch skeleton (Crypt:1)
  17 centaur warriors
  14 boulder beetles
  A catoblepas (D:14)
  A spriggan skeleton (Crypt:3)
  A two-headed ogre (shapeshifter) (Vaults:5)
  3 radroaches
  6 two-headed ogres
  An azure jelly zombie (Crypt:2)
  27 dancing weapons
  4 deep troll shamans
  8 tengu warriors
  Urug (Lair:1)
  A shock serpent (shapeshifter) (Vaults:5)
  4 death yaks
  6 deep troll earth magi
  2 occultists
  5 orc high priests
  9 soul eaters
  9 spriggans
  10 spriggan berserkers
  10 demonic crawlers
  6 hell knights
  4 vampire magi (Crypt:1)
  5 sun demons
  9 deep elf knights
  A titan skeleton (Crypt:3)
  A fire crab (shapeshifter) (Depths:4)
  2 sixfirhies
  13 iron trolls
  4 skysharks
  A death drake (Swamp:3)
  Amaemon (Lair:1)
  2 anaconda zombies (Crypt:3)
  6 orb spiders
  7 skeletal warriors
  2 shadow wraiths
  A bunyip zombie (Swamp:2)
  6 pharaoh ants
  A shadow demon (D:14)
  61 deep trolls
  9 bog bodies
  8 spriggan druids
  8 goliath frogs
  6 mana vipers (Depths:3)
  2 flayed ghosts
  3 sun moths
  5 glowing orange brains
  6 cherubim (Depths:2)
  6 arcanists
  5 deep elf archers
  A lindwurm (shapeshifter) (D:12)
  An alligator zombie (Swamp:2)
  A golden dragon skeleton (Crypt:3)
  An obsidian statue (D:13)
  25 deep elf pyromancers
  14 necromancers
  7 swamp dragons
  24 phantasmal warriors
  10 lindwurms
  3 harpies (Vaults:4)
  4 steelbarb worms
  17 ironbound convokers
  13 deep elf zephyrmancers
  A large abomination (D:2)
  12 ugly things
  A faun (shapeshifter) (Vaults:5)
  30 wolf spiders
  17 orc knights
  An eleionoma zombie (Crypt:2)
  4 will-o-the-wisps
  4 shining eyes
  An oklob plant (Lair:4)
  A shadow dragon skeleton (Crypt:3)
  10 cyclopes
  8 orc sorcerers
  2 dire elephant zombies (Crypt:3)
  An alligator skeleton (Crypt:1)
  A salamander (D:15)
  7 black mambas
  A stone giant skeleton (Crypt:3)
  2 kobold blastminers (Orc:2)
  2 manticores
  An alligator snapping turtle zombie (Crypt:3)
  A worldbinder (D:10)
  4 ice statues (D:11)
  19 vault sentinels
  4 rust devils
  6 smoke demons
  36 moths of wrath
  5 eyes of devastation
  3 gargoyles
  5 orange demons
  5 centaur skeletons
  Maggie (D:6)
  5 torpor snails
  22 cane toads
  A dire elephant skeleton (Crypt:3)
  9 tengu conjurers
  3 tormentors
  30 yaktaurs
  2 unseen horrors (D:11)
  9 freezing wraiths
  2 ice devils
  4 kobold demonologists (D:12)
  A grey draconian skeleton (Crypt:1)
  An efreet (D:13)
  8 komodo dragons
  7 trolls
  A red devil (D:15)
  A guardian mummy (Crypt:3)
  A troll (shapeshifter) (Elf:3)
  2 polar bears
  2 harpy zombies (Crypt:3)
  19 hellwings
  A pale draconian skeleton (Crypt:1)
  A hydra zombie (Swamp:2)
  A bloated husk (Swamp:2)
  23 tarantellas
  6 tyrant leeches
  2 glass eyes (shapeshifter)
  A polar bear (shapeshifter) (D:12)
  7 hornets
  16 blink frogs
  An alligator simulacrum (Swamp:2)
  8 dream sheep
  3 glass eyes
  A meliai zombie (Crypt:2)
  2 centaur simulacra (D:12)
  A jumping spider (shapeshifter) (Vaults:4)
  26 culicivoras
  2 air elementals
  2 shadows (D:10)
  17 wraiths
  2 ynoxinuls
  2 black mamba zombies (Crypt:3)
  118 slime creatures
  2 vampires (D:11)
  21 jumping spiders
  4 wyverns
  A yak (shapeshifter) (Vaults:5)
  43 yaks
  An ettin skeleton (Crypt:3)
  2 steam dragons
  6 basilisks
  2 water elementals (Depths:2)
  A tyrant leech zombie (Crypt:1)
  5 hogs (Lair:4)
  2 fire elementals (Elf:2)
  12 wargs
  49 redbacks
  7 vampire mosquitoes
  A neqoxec (D:15)
  2 chaos spawn (D:15)
  A naga zombie (Crypt:3)
  A swamp worm (shapeshifter) (Vaults:4)
  25 swamp worms
  Edmund (D:6)
  17 water moccasins
  An acid dragon (D:9)
  A naga skeleton (Crypt:3)
  2 swamp drakes
  A swamp dragon zombie (Crypt:2)
  39 orc warriors
  2 black bears
  28 laughing skulls
  17 ice beasts
  11 ogres
  11 boggarts
  9 centaurs
  19 wolves
  A phantom (D:5)
  A swamp dragon skeleton (Crypt:2)
  A hog skeleton (Crypt:2)
  7 kobold brigands
  Blork the orc (D:6)
  4 elf zombies (Ossuary)
  20 bullfrogs
  A salamander skeleton (Crypt:2)
  3 small abominations (D:10)
  2 gnoll sergeants
  4 scorpions
  A draconian skeleton (Crypt:1)
  An earth elemental (Elf:2)
  A polar bear zombie (Crypt:1)
  5 wyvern skeletons (Crypt:3)
  11 killer bees
  A raiju skeleton (Crypt:1)
  2 howler monkeys
  8 electric eels
  2 bombardier beetles
  2 hounds
  A quasit (D:13)
  4 centaur zombies
  2 human zombies (Ossuary)
  2 jellies
  An iron imp (D:13)
  25 orc priests
  A human skeleton (Crypt:1)
  4 iguanas
  26 orc wizards
  Natasha (thrice) (D:2)
  A scorpion zombie (Crypt:1)
  6 hell rats (Lair:3)
  A boggart skeleton (D:13)
  A tengu skeleton (Crypt:1)
  5 hound zombies (Ossuary)
  4 mummies
  8 adders
  14 gnolls
  A shadow imp (D:13)
  A white imp (D:13)
  4 adder zombies (Ossuary)
  2 dart slugs
  4 ribbon worms
  75 orcs
  2 endoplasms
  5 giant cockroaches
  11 goblins
  9 hobgoblins
  4 jackals
  39 kobolds
  3 quokkas
  13 ball pythons
  A ball python zombie (Crypt:1)
  4 bats
  10 frilled lizards
  8 gnoll zombies
  3 jackal zombies (Ossuary)
  4 kobold zombies (Ossuary)
  7 orc zombies
  5 rats
  15 butterflies (Vaults:4)
  10 spectral weapons
2567 creatures vanquished.

Vanquished Creatures (collateral kills)
  An orc knight (Bailey)
  2 orc warriors (Bailey)
3 creatures vanquished.

Vanquished Creatures (others)
  A draconian knight (Zot:4)
  A deep elf sorcerer (Elf:3)
  2 vault guards (Vaults:5)
  A rakshasa (Depths:1)
  A deep elf pyromancer (D:14)
  A deep elf zephyrmancer (Elf:1)
  A cane toad (shapeshifter) (D:12)
  2 bloated husks
  A tarantella (Spider:1)
  A boggart (D:15)
  A white imp (D:13)
  An ufetubus (D:13)
  An orc (Orc:2)
  14 foxfires
29 creatures vanquished.

Grand Total: 2599 creatures vanquished

Notes
Turn   | Place    | Note
-------+----------+-------------------------------------------
     0 | D:1      | TungstenOldMan the Minotaur Berserker began the quest for
                  | the Orb.
     0 | D:1      | Reached XP level 1. HP: 19/19 MP: 0/0
   177 | D:1      | Reached XP level 2. HP: 23/27 MP: 1/1
   662 | D:2      | Reached XP level 3. HP: 33/33 MP: 2/2
   739 | D:2      | Reached ** piety under Trog
   796 | D:2      | Reached skill level 3 in Armour
   971 | D:2      | Noticed Natasha
   973 | D:2      | Killed Natasha
   974 | D:2      | Reached XP level 4. HP: 40/40 MP: 3/3
  1002 | D:2      | Reached skill level 3 in Dodging
  1366 | D:2      | Noticed Natasha
  1380 | D:2      | Killed Natasha
  1403 | D:2      | Reached XP level 5. HP: 47/47 MP: 4/4
  1491 | D:2      | Noticed Natasha
  1501 | D:2      | Killed Natasha
  2063 | D:3      | Reached *** piety under Trog
  2091 | D:3      | Found a faded altar of an unknown god.
  2344 | D:4      | Found a glowing silver altar of Zin.
  2346 | D:4      | Found Zin's Purification Station.
  2459 | D:4      | Reached XP level 6. HP: 31/55 MP: 5/5
  2514 | D:4      | Identified the +1 pair of boots of Trial and Error {rC+ rN+
                  | Will+ Str+2}
  2656 | D:4      | Reached skill level 6 in Axes
  3002 | D:4      | Reached XP level 7. HP: 49/61 MP: 6/6
  3484 | D:5      | Entered Level 5 of the Dungeon
  3640 | D:5      | Found a hide-covered altar of Uskayaw.
  3913 | D:5      | Reached skill level 6 in Fighting
  3913 | D:5      | Reached XP level 8. HP: 67/70 MP: 7/7
  3937 | D:5      | Found a shimmering altar of Xom.
  4401 | D:6      | Found a sand-covered staircase.
  4407 | Ossuary  | Entered an ossuary
  4428 | Ossuary  | Reached **** piety under Trog
  4602 | Ossuary  | Reached skill level 6 in Armour
  4626 | Ossuary  | Reached skill level 9 in Axes
  4718 | D:6      | Reached ***** piety under Trog
  4764 | D:6      | Noticed Maggie
  4772 | D:6      | Killed Maggie
  4773 | D:6      | Reached skill level 6 in Dodging
  4817 | D:6      | Noticed Blork the orc
  4822 | D:6      | Killed Blork the orc
  4861 | D:6      | Noticed Edmund
  4874 | D:6      | Killed Edmund
  4875 | D:6      | Reached XP level 9. HP: 79/79 MP: 8/8
  4978 | D:6      | Found a shimmering blue altar of Sif Muna.
  5392 | D:5      | Identified the +1 helmet of the World {Harm rC+ Will-
                  | Dex+3}
  5938 | D:7      | Found a staircase to the Ecumenical Temple.
  6181 | Temple   | Entered the Ecumenical Temple
  6422 | D:8      | Found a flagged portal.
  6430 | Bailey   | Entered a bailey
  6497 | Bailey   | Identified a scroll of acquirement
  6506 | Bailey   | Acquired a manual of Axes
  6599 | Bailey   | Identified the +0 chain mail of Vanity {Will- Int+5}
  6599 | Bailey   | Identified the ring of Pessimism {rPois rCorr Str-4 Dex+6
                  | SInv}
  6615 | Bailey   | Noticed an orc knight
  6622 | Bailey   | Killed an orc knight
  6623 | Bailey   | Reached skill level 12 in Axes
  6623 | Bailey   | Reached XP level 10. HP: 90/90 MP: 9/9
  7078 | D:8      | Received a gift from Trog
  7135 | D:8      | Noticed Erica
  7144 | D:8      | Killed Erica
  7145 | D:8      | Reached skill level 9 in Fighting
  7338 | D:9      | Noticed a cyclops
  7344 | D:9      | Killed a cyclops
  7629 | D:9      | Reached skill level 9 in Armour
  7696 | D:9      | Noticed Gastronok
  7706 | D:9      | Killed Gastronok
  7707 | D:9      | Reached skill level 15 in Axes
  7741 | D:9      | Reached XP level 11. HP: 99/99 MP: 10/10
  7907 | D:9      | Found a staircase to the Orcish Mines.
  8009 | D:10     | Entered Level 10 of the Dungeon
  8074 | D:10     | Noticed hackum's ghost (journeyman DgFi)
  8081 | D:10     | Found a transporter.
  8081 | D:10     | Found a one-way gate to the infinite horrors of the Abyss.
  8081 | D:10     | Noticed an occultist
  8115 | D:10     | Found a transporter.
  8174 | D:10     | Noticed a two-headed ogre
  8177 | D:10     | Killed a two-headed ogre
  8178 | D:10     | Reached skill level 9 in Dodging
  8679 | D:11     | Found a staircase to the Lair.
  8736 | D:11     | Noticed a four-headed hydra
  8745 | D:11     | Killed an eight-headed hydra
  8876 | D:11     | Identified the amulet of Helyepn {Acrobat Dex+3}
  9081 | D:11     | Reached ****** piety under Trog
  9285 | D:11     | Noticed a boulder beetle
  9303 | D:11     | Killed a boulder beetle
  9687 | D:11     | Reached XP level 12. HP: 110/110 MP: 11/11
  9694 | D:11     | Reached skill level 18 in Axes
  9752 | D:11     | Received a gift from Trog
 10248 | Lair:1   | Entered Level 1 of the Lair of Beasts
 10537 | Lair:1   | Noticed Urug
 10548 | Lair:1   | Killed Urug
 10549 | Lair:1   | Reached skill level 12 in Fighting
 10659 | Lair:1   | Reached skill level 1 in Shields
 10670 | Lair:1   | Noticed a death yak
 10677 | Lair:1   | Reached skill level 3 in Shields
 10682 | Lair:1   | Killed a death yak
 10731 | Lair:1   | Noticed a boulder beetle
 10741 | Lair:1   | Killed a boulder beetle
 10742 | Lair:1   | Reached skill level 6 in Shields
 11155 | Lair:2   | Noticed a seven-headed hydra
 11163 | Lair:2   | Killed a seven-headed hydra
 11320 | Lair:2   | Found a hole to the Spider Nest.
 11369 | Lair:2   | Reached skill level 9 in Shields
 11386 | Lair:2   | Noticed Amaemon
 11396 | Lair:1   | Killed Amaemon
 11411 | Lair:2   | Reached XP level 13. HP: 107/118 MP: 12/12
 11933 | Lair:3   | Reached skill level 12 in Shields
 12099 | Lair:3   | Found a staircase to the Swamp.
 12104 | Lair:3   | Received a gift from Trog
 12857 | Lair:4   | Found a snail-covered altar of Cheibriados.
 13113 | Lair:4   | Noticed Kirke
 13123 | Lair:4   | Killed Kirke
 13169 | Lair:4   | Found a staircase to the Slime Pits.
 13914 | Lair:5   | Entered Level 5 of the Lair of Beasts
 13921 | Lair:5   | Reached skill level 15 in Shields
 14055 | Lair:5   | Reached XP level 14. HP: 118/126 MP: 13/13
 14152 | Lair:5   | Reached skill level 12 in Armour
 14313 | Lair:5   | Received a gift from Trog
 15157 | Orc:1    | Entered Level 1 of the Orcish Mines
 15252 | Orc:1    | Noticed Josephine
 15259 | Orc:1    | Killed Josephine
 15577 | Orc:2    | Entered Level 2 of the Orcish Mines
 15590 | Orc:2    | Noticed an orc warlord
 15771 | Orc:1    | Killed an orc warlord
 15772 | Orc:1    | Reached skill level 12 in Dodging
 15869 | Orc:2    | Found a staircase to the Elven Halls.
 16069 | Orc:2    | Found Qohoddei's Book Shop.
 16070 | Orc:2    | Received a gift from Trog
 16368 | Orc:2    | Found Xupos's Antique Armour Shop.
 16464 | Orc:2    | Found Sacem's General Store.
 16470 | Orc:2    | Bought a potion of curing for 30 gold pieces
 16479 | Orc:2    | Found Rovops's Antique Weapon Shop.
 16572 | Orc:2    | Bought a +0 tower shield for 45 gold pieces
 16845 | D:12     | Noticed a frost giant
 16847 | D:12     | Noticed Zimawyzi's ghost (journeyman HuAr)
 16890 | D:12     | Found a transporter.
 16899 | D:12     | Found a transporter.
 16930 | D:12     | Reached XP level 15. HP: 137/137 MP: 14/14
 16963 | D:12     | Found a runed translucent door.
 17015 | D:12     | Identified the +1 robe of Noughts and Crosses {^Drain rPois
                  | Slay+2}
 17070 | D:12     | Found Ficuzutu's Magic Scroll Shop.
 17075 | D:12     | Bought a scroll of blinking for 90 gold pieces
 17075 | D:12     | Bought a scroll of brand weapon for 114 gold pieces
 17075 | D:12     | Bought a scroll of fear for 48 gold pieces
 17075 | D:12     | Bought a scroll of enchant weapon for 90 gold pieces
 17075 | D:12     | Bought a scroll of fog for 48 gold pieces
 17138 | D:12     | Identified the +7 falchion of Galavowo {freeze, Int+2
                  | Dex+2}
 17594 | D:12     | Received a gift from Trog
 18335 | D:13     | Found Tarpheam's General Store.
 18341 | D:13     | Bought a potion of heal wounds for 70 gold pieces
 18341 | D:13     | Bought a potion of heal wounds for 70 gold pieces
 18481 | D:13     | Found a gate to the Vaults.
 18792 | D:14     | Found Zom Zida's Antique Armour Shop.
 19194 | D:14     | Identified the +0 pair of gloves "Liasoadi" {Int+3}
 19321 | D:14     | Received a gift from Trog
 19322 | D:14     | Reached skill level 18 in Shields
 19592 | D:15     | Entered Level 15 of the Dungeon
 19674 | D:15     | Noticed Jorgrun
 19690 | D:15     | Killed Jorgrun
 19816 | D:15     | Reached skill level 15 in Fighting
 19954 | D:15     | Found a staircase to the Depths.
 20164 | D:15     | Found Heoqem's Magic Scroll Shop.
 20167 | D:15     | Bought a scroll of blinking for 82 gold pieces
 20167 | D:15     | Bought a scroll of enchant armour for 82 gold pieces
 20167 | D:15     | Bought a scroll of brand weapon for 104 gold pieces
 20598 | Swamp:1  | Entered Level 1 of the Swamp
 20682 | Swamp:1  | Reached skill level 15 in Armour
 20738 | Swamp:1  | Reached XP level 16. HP: 149/149 MP: 15/15
 20896 | Swamp:1  | Identified the +8 hand axe "Zifuilav" {flame, Dex+9} (Trog
                  | gifted it to you on level 1 of the Swamp)
 20896 | Swamp:1  | Received a gift from Trog
 20950 | Swamp:1  | Identified the +6 hand axe "Wuollet" {venom, Str+4 Int+7}
 21849 | Swamp:3  | Noticed a thorn hunter
 21861 | Swamp:3  | Killed a thorn hunter
 22465 | Swamp:4  | Entered Level 4 of the Swamp
 22603 | Swamp:4  | Received a gift from Trog
 22734 | Swamp:4  | Noticed a thorn hunter
 22735 | Swamp:4  | Noticed a thorn hunter
 22744 | Swamp:4  | Reached skill level 15 in Dodging
 22750 | Swamp:4  | Killed a thorn hunter
 22755 | Swamp:4  | Killed a thorn hunter
 22997 | Swamp:4  | Reached XP level 17. HP: 117/160 MP: 16/16
 23096 | Swamp:4  | Noticed Mlioglotl
 23326 | Swamp:4  | Killed Mlioglotl
 23372 | Swamp:4  | Got a decaying rune of Zot
 23554 | Spider:1 | Entered Level 1 of the Spider Nest
 23593 | Spider:1 | Received a gift from Trog
 24474 | Spider:1 | Found a runed translucent door.
 24475 | Spider:1 | Noticed t4s4d4r's ghost (journeyman DEEE)
 24887 | Spider:2 | Received a gift from Trog
 25524 | Spider:3 | Identified the serpent talisman of Spite {Str+8 Int+4}
 26285 | Spider:4 | Entered Level 4 of the Spider Nest
 26518 | Spider:4 | Reached skill level 18 in Fighting
 26553 | Spider:4 | Reached XP level 18. HP: 160/172 MP: 17/17
 26561 | Spider:4 | Received a gift from Trog
 26772 | Spider:4 | Reached skill level 18 in Armour
 27212 | Spider:4 | Reached skill level 21 in Shields
 27255 | Spider:4 | Got a gossamer rune of Zot
 27591 | Spider:1 | Killed t4s4d4r's ghost
 27595 | Spider:1 | Identified the +3 leather armour of the Stone Wall {Dex+4}
 27769 | D:10     | Received a gift from Trog
 27804 | D:10     | Killed hackum's ghost
 27937 | D:12     | Killed Zimawyzi's ghost
 28164 | Vaults:1 | Entered Level 1 of the Vaults
 28383 | Vaults:1 | Identified the serpent talisman of Perfidy {rF+ Str+2}
 28383 | Vaults:1 | Noticed Aizul
 28406 | Vaults:1 | Killed Aizul
 28406 | Vaults:1 | Received a gift from Trog
 28520 | Vaults:1 | Paralysed by a sphinx for 5 turns
 29032 | Vaults:1 | Reached XP level 19. HP: 150/183 MP: 18/18
 29377 | Vaults:2 | Paralysed by a formless jellyfish for 1 turns
 29383 | Vaults:2 | Received a gift from Trog
 29560 | Vaults:2 | Paralysed by a formless jellyfish for 1 turns
 29683 | Vaults:2 | Noticed Mara
 29687 | Vaults:2 | Noticed TungstenOldMan's illusion
 29701 | Vaults:2 | Killed Mara
 30061 | Vaults:2 | Reached skill level 18 in Dodging
 30463 | Vaults:2 | Found a staircase to the Crypt.
 30636 | Vaults:2 | Noticed Donald
 30649 | Vaults:2 | Killed Donald
 30649 | Vaults:2 | Received a gift from Trog
 30933 | Vaults:2 | Identified the +0 leather armour of the Archfiend {Slay+2
                  | SInv Stlth-}
 31259 | Vaults:3 | Noticed Boris
 31268 | Vaults:3 | Killed Boris
 31321 | Vaults:3 | Found Jazxinemi's General Store.
 31329 | Vaults:3 | Bought a scroll of identify for 36 gold pieces
 31499 | Vaults:3 | Identified the +6 war axe of Might {heavy, rElec rF+ rN+}
                  | (Trog gifted it to you on level 3 of the Vaults)
 31499 | Vaults:3 | Received a gift from Trog
 31675 | Vaults:3 | Reached XP level 20. HP: 177/195 MP: 16/19
 32446 | Vaults:4 | Received a gift from Trog
 32675 | Vaults:4 | Found a huge runed translucent gate.
 32675 | Vaults:4 | Found a huge runed translucent gate.
 32675 | Vaults:4 | Found a huge runed translucent gate.
 32675 | Vaults:4 | Found a huge runed translucent gate.
 32675 | Vaults:4 | Found a huge runed translucent gate.
 32675 | Vaults:4 | Found a huge runed translucent gate.
 32676 | Vaults:4 | Found a huge runed translucent gate.
 32676 | Vaults:4 | Found a huge runed translucent gate.
 32676 | Vaults:4 | Found a huge runed translucent gate.
 32676 | Vaults:4 | Found a huge runed translucent gate.
 32676 | Vaults:4 | Found a huge runed translucent gate.
 32677 | Vaults:4 | Found a huge runed translucent gate.
 32678 | Vaults:4 | Found a huge runed translucent gate.
 32679 | Vaults:4 | Found a huge runed translucent gate.
 32680 | Vaults:4 | Found a huge runed translucent gate.
 32681 | Vaults:4 | Found a huge runed translucent gate.
 32681 | Vaults:4 | Found a huge runed translucent gate.
 32686 | Vaults:4 | Found a huge runed translucent gate.
 32687 | Vaults:4 | Found a huge runed translucent gate.
 32687 | Vaults:4 | Found a huge runed translucent gate.
 32687 | Vaults:4 | Found a huge runed translucent gate.
 32687 | Vaults:4 | Found a huge runed translucent gate.
 32691 | Vaults:4 | Found a huge runed translucent gate.
 32692 | Vaults:4 | Found a huge runed translucent gate.
 32693 | Vaults:4 | Found a huge runed translucent gate.
 32693 | Vaults:4 | Found a huge runed translucent gate.
 32698 | Vaults:4 | Found a huge runed translucent gate.
 32699 | Vaults:4 | Found a huge runed translucent gate.
 32699 | Vaults:4 | Found a huge runed translucent gate.
 32699 | Vaults:4 | Found a huge runed translucent gate.
 32699 | Vaults:4 | Found a huge runed translucent gate.
 32701 | Vaults:4 | Found a huge runed translucent gate.
 32702 | Vaults:4 | Found a huge runed translucent gate.
 32703 | Vaults:4 | Found a huge runed translucent gate.
 32703 | Vaults:4 | Found a huge runed translucent gate.
 32707 | Vaults:4 | Found a huge runed translucent gate.
 32902 | Vaults:4 | Found Haimebb's Antique Armour Emporium.
 32994 | Vaults:4 | Reached skill level 21 in Fighting
 33398 | Vaults:4 | Reached skill level 21 in Armour
 33509 | Vaults:4 | Identified the +7 arbalest "Jotibazu" {heavy, Fly rPois
                  | Stlth-}
 33993 | Elf:1    | Entered Level 1 of the Elven Halls
 34077 | Elf:1    | Found Siopni Teug's Armour Shop.
 34080 | Elf:1    | Bought the +9 scales of the Dragon King {rPois rF+ rC+
                  | Will+} for 1747 gold pieces
 34080 | Elf:1    | Found the +9 scales of the Dragon King {rPois rF+ rC+
                  | Will+}
 34102 | Elf:1    | Paralysed by an air elemental for 1 turns
 34127 | Elf:1    | Received a gift from Trog
 34168 | Elf:1    | Found Votaotep's Weapon Boutique.
 34168 | Elf:1    | Found Paikait's Jewellery Shop.
 34388 | Elf:1    | Acquired the +1 cloak of Starlight {*Dazzle EV+4 Stlth--}
 34388 | Elf:1    | Found the +1 cloak of Starlight {*Dazzle EV+4 Stlth--}
 34851 | Elf:2    | Found a radiant altar of Vehumet.
 35149 | Elf:2    | Found a runed translucent gate.
 35151 | Elf:2    | Found a runed translucent gate.
 35151 | Elf:2    | Found a runed translucent gate.
 35309 | Elf:2    | Received a gift from Trog
 35909 | Elf:3    | Entered Level 3 of the Elven Halls
 36022 | Elf:3    | Reached XP level 21. HP: 205/205 MP: 20/20
 36844 | Elf:3    | Identified the ring "Teula" {rElec rC+ Will- Str+3 Dex+2}
 36949 | Elf:3    | Received a gift from Trog
 37133 | Elf:3    | Identified the +4 scimitar of Hacking and Slashing {drain,
                  | rC+ Str+3 Dex+4 Stlth-}
 37133 | Elf:3    | Identified the +0 leather armour "Ponigon" {rElec rCorr
                  | Dex+3}
 37133 | Elf:3    | Identified the ring of Mistrust {^Contam rC+ rN+ Dex+3
                  | SInv}
 37316 | Elf:3    | Identified the staff of Sybuabio {rPois rN+ Stlth+ Necro}
 37335 | Elf:3    | Reached skill level 24 in Shields
 37360 | Elf:3    | Identified the staff "Rohog" {rF+ rC+ Fire}
 37363 | Elf:3    | Identified the +2 hand cannon "Repe" {drain, +Blink rElec}
 37753 | Crypt:1  | Entered Level 1 of the Crypt
 38480 | Crypt:2  | Noticed Saint Roka
 38492 | Crypt:2  | Received a gift from Trog
 38506 | Crypt:2  | Killed Saint Roka
 39136 | Crypt:2  | Identified the orb of the Fiend {*channel, rCorr Dex+2}
 39455 | Crypt:2  | Noticed Sojobo
 39460 | Crypt:2  | Paralysed by an air elemental for 1 turns
 39472 | Crypt:2  | Killed Sojobo
 39569 | Crypt:3  | Entered Level 3 of the Crypt
 39873 | Crypt:3  | Received a gift from Trog
 39953 | Crypt:3  | Reached XP level 22. HP: 216/217 MP: 21/21
 40049 | Crypt:3  | Reached skill level 21 in Dodging
 40079 | Crypt:3  | Noticed a dread lich
 40080 | Crypt:3  | Noticed an ancient lich
 40092 | Crypt:3  | Killed a dread lich
 40100 | Crypt:3  | Killed an ancient lich
 40122 | Crypt:3  | Identified the +2 chain mail of Peek-a-Boo {rF+ rC+ Int-4
                  | Stlth+}
 40488 | Crypt:3  | Received a gift from Trog
 40664 | Crypt:3  | Found a staircase to the Tomb.
 41027 | Crypt:3  | Found an ancient bone altar of Kikubaaqudgha.
 41325 | Crypt:3  | Identified the staff of Youthful Indiscretion {^Fragile
                  | rPois Int+3 Air Alchemy}
 41920 | Depths:1 | Entered Level 1 of the Depths
 41929 | Depths:1 | Noticed Boris
 41941 | Depths:1 | Killed Boris
 42086 | Depths:1 | Found the +5 Lochaber axe {reach-cleave, Poleaxe ^Drain}
 42291 | Depths:1 | Found Big Baal Hell's Store.
 42296 | Depths:1 | Received a gift from Trog
 42319 | Depths:1 | Found a gateway to Hell.
 42322 | Depths:1 | Bought the amulet "Leeri" {Reflect rN+ Regen+ Str+4 SH+5}
                  | for 3273 gold pieces
 43737 | Depths:2 | Received a gift from Trog
 43995 | Depths:2 | Reached XP level 23. HP: 203/228 MP: 22/22
 44273 | Depths:2 | Found a glowing silver altar of Zin.
 44273 | Depths:2 | Noticed Mennas
 44297 | Depths:2 | Killed Mennas
 44558 | Depths:2 | Found a one-way gateway to a ziggurat.
 44607 | Depths:2 | Found a one-way gate leading to the halls of Pandemonium.
 44850 | Depths:3 | Reached skill level 24 in Fighting
 44884 | Depths:3 | Reached skill level 24 in Armour
 44967 | Depths:3 | Found a runed translucent door.
 44967 | Depths:3 | Noticed a dread lich
 44991 | Depths:3 | Killed a dread lich
 45048 | Depths:3 | Found a runed translucent door.
 45167 | Depths:3 | Identified the +3 war axe of Exchange {flame, *Corrode
                  | +Blink rElec Str+3}
 45241 | Depths:3 | Received a gift from Trog
 45931 | Depths:4 | Entered Level 4 of the Depths
 46087 | Depths:4 | Noticed a caustic shrike
 46094 | Depths:4 | Killed a caustic shrike
 46165 | Depths:4 | Noticed a caustic shrike
 46165 | Depths:4 | Noticed a caustic shrike
 46166 | Depths:4 | Noticed a caustic shrike
 46168 | Depths:4 | Noticed a caustic shrike
 46174 | Depths:4 | Killed a caustic shrike
 46184 | Depths:4 | Killed a caustic shrike
 46187 | Depths:4 | Killed a caustic shrike
 46195 | Depths:4 | Killed a caustic shrike
 46276 | Depths:3 | Identified the +3 quarterstaff of Gumefr Otoss {holy,
                  | +Blink rElec}
 46311 | Depths:4 | Found a gate to the Realm of Zot.
 46360 | Depths:4 | Identified the +2 rapier of Resumed Hostilities {spect,
                  | rCorr Dex+3}
 46408 | Depths:4 | Received a gift from Trog
 46539 | Depths:4 | Reached XP level 24. HP: 240/240 MP: 22/22
 46559 | Depths:4 | Noticed Vv
 46590 | Depths:4 | Killed Vv
 47249 | Slime:1  | Entered Level 1 of the Pits of Slime
 47254 | Slime:1  | Gained mutation: Your magical capacity is low. (-10% MP) [a
                  | shining eye]
 47255 | Slime:1  | Gained mutation: Your flesh is cold resistant. (rC+) [a
                  | shining eye]
 48024 | Slime:3  | Received a gift from Trog
 48427 | Slime:5  | Entered Level 5 of the Pits of Slime
 48453 | Slime:5  | Reached skill level 27 in Shields
 48517 | Slime:5  | Gained mutation: You are weak. (Str -2) [a shining eye]
 48524 | Slime:5  | Gained mutation: You expend magic power (3 MP) to
                  | strengthen your wands. [a shining eye]
 48527 | Slime:5  | Noticed the Royal Jelly
 48603 | Slime:5  | Killed the Royal Jelly
 48699 | Slime:5  | Identified the +0 leather armour of the Good {rElec Str+3}
 48751 | Slime:5  | Gained mutation: Armour fits poorly on your strangely
                  | shaped body. [a shining eye]
 48756 | Slime:5  | Gained mutation: You are clumsy. (Dex -2) [a shining eye]
 48809 | Slime:5  | Got a slimy rune of Zot
 48934 | Slime:5  | Identified the ring of Dishonour {rPois Will+ Int+4 Dex+6}
 48936 | Slime:5  | Identified the ring of the Tempest {rF+ Will+ Str-4 Int+4
                  | Dex+6}
 48939 | Slime:5  | Identified the ring "Jaehun" {rF+ rN+ Int+3 SInv Stlth+}
 49454 | Slime:4  | Received a gift from Trog
 50026 | D:11     | Lost mutation: You expend magic power (3 MP) to strengthen
                  | your wands. [potion of mutation]
 50026 | D:11     | Lost mutation: Armour fits poorly on your strangely shaped
                  | body. [potion of mutation]
 50026 | D:11     | Gained mutation: Your flesh is very cold resistant. (rC++)
                  | [potion of mutation]
 50027 | D:11     | Lost mutation: Your magical capacity is low. (-10% MP)
                  | [potion of mutation]
 50027 | D:11     | Lost mutation: Your flesh is very cold resistant. (rC++)
                  | [potion of mutation]
 50027 | D:11     | Lost mutation: Your flesh is cold resistant. (rC+) [potion
                  | of mutation]
 50027 | D:11     | Gained mutation: You are robust. (+10% HP) [potion of
                  | mutation]
 50319 | Vaults:5 | Entered Level 5 of the Vaults
 50345 | Vaults:5 | Reached skill level 24 in Dodging
 50386 | Vaults:5 | Identified the +2 broad axe of Qollim {flame, rF- rC+
                  | Will+} (Trog gifted it to you on level 5 of the Vaults)
 50386 | Vaults:5 | Received a gift from Trog
 50513 | Vaults:5 | Reached XP level 25. HP: 278/278 MP: 22/22
 50541 | Vaults:5 | Noticed a dread lich
 50552 | Vaults:5 | Killed a dread lich
 50711 | Vaults:5 | Got a silver rune of Zot
 50733 | Vaults:5 | Received a gift from Trog
 50929 | Vaults:5 | Found the ring of Shadows {Umbra +Inv Stlth+}
 51018 | Vaults:5 | Noticed Xtahua
 51034 | Vaults:5 | Killed Xtahua
 51114 | Vaults:5 | Identified the maw talisman "Qaqadgh" {Fly rN+}
 51213 | Vaults:5 | Identified the +0 scale mail "Moiryumn" {rC+ Will- Str+4}
 51214 | Vaults:5 | Identified the +7 quick blade of Eternity {vamp, Str+5}
 51280 | Vaults:5 | Noticed Jory
 51297 | Vaults:5 | Killed Jory
 52138 | Zot:1    | Entered Level 1 of the Realm of Zot
 52230 | Zot:1    | Identified the +0 pair of boots "Zibod" {rElec rC+ rCorr}
 52237 | Zot:1    | Reached skill level 27 in Fighting
 52356 | Zot:1    | Identified the +4 morningstar "Aphim" {pain, rC+ rCorr}
 52368 | Zot:1    | Reached skill level 27 in Armour
 52377 | Zot:1    | Found the +4 dragonskin cloak
 52377 | Zot:1    | Noticed Tiamat
 52395 | Zot:1    | Received a gift from Trog
 53075 | Zot:1    | Killed Tiamat
 53864 | Zot:2    | Reached XP level 26. HP: 249/292 MP: 22/22
 53865 | Zot:2    | Identified the ring of Hard Scrabble {Int+4 SInv}
 53959 | Zot:2    | Received a gift from Trog
 53966 | Zot:2    | Reached skill level 27 in Dodging
 55011 | Zot:3    | Received a gift from Trog
 55101 | Zot:3    | Noticed an orb of fire
 55118 | Zot:3    | Gained mutation: You are strong-willed. (Will+) [an orb of
                  | fire]
 55122 | Zot:3    | Killed an orb of fire
 55878 | Zot:4    | Reached skill level 21 in Axes
 56591 | Zot:5    | Entered Level 5 of the Realm of Zot
 56933 | Zot:5    | Noticed a dread lich
 56950 | Zot:5    | Noticed an orb of fire
 56951 | Zot:5    | Killed a dread lich
 56951 | Zot:5    | Received a gift from Trog
 56970 | Zot:5    | Killed an orb of fire
 56976 | Zot:5    | Noticed an orb of fire
 56986 | Zot:5    | Killed an orb of fire
 57113 | Zot:5    | Noticed an ancient lich
 57120 | Zot:5    | Killed an ancient lich
 57128 | Zot:5    | Reached skill level 24 in Axes
 57128 | Zot:5    | Reached XP level 27. HP: 295/300 MP: 22/22
 57143 | Zot:5    | Noticed a dread lich
 57151 | Zot:5    | Killed a dread lich
 57318 | Zot:5    | Noticed an ancient lich
 57325 | Zot:5    | Killed an ancient lich
 57335 | Zot:5    | Noticed an ancient lich
 57342 | Zot:5    | Noticed a dread lich
 57349 | Zot:5    | Noticed an orb of fire
 57350 | Zot:5    | Noticed an ancient lich
 57351 | Zot:5    | Noticed an orb of fire
 57353 | Zot:5    | Killed an ancient lich
 57354 | Zot:5    | Killed a dread lich
 57545 | Zot:5    | Noticed a dread lich
 57555 | Zot:5    | Killed an orb of fire
 57559 | Zot:5    | Gained mutation: Armour fits poorly on your strangely
                  | shaped body. [an orb of fire]
 57563 | Zot:5    | Gained mutation: You occasionally lose the ability to drink
                  | potions when taking damage. [an orb of fire]
 57565 | Zot:5    | Killed an orb of fire
 57568 | Zot:5    | Killed a dread lich
 57580 | Zot:5    | Killed an ancient lich
 57612 | Zot:5    | Noticed an ancient lich
 57651 | Zot:5    | Killed an ancient lich
 57820 | Zot:5    | Got the Orb of Zot
 57826 | Zot:5    | Gained mutation: You are very weak. (Str -4) [a cacodemon]
 57839 | Zot:5    | Gained mutation: You are very clumsy. (Dex -4) [mutagenic
                  | glow]
 57848 | Zot:5    | Lost mutation: You are robust. (+10% HP) [mutagenic glow]
 58125 | Depths:1 | Noticed Tamayzof the pandemonium lord
 58266 | D:14     | Reached skill level 27 in Axes
 58294 | D:13     | Received a gift from Trog
 58472 | D:5      | Reached skill level 1 in Evocations
 58556 | D:$      | Escaped with the Orb!

Illustrated notes

Levels and vault maps discovered:
D:1:      minmay_arrival_stone_box, layout_basic
D:2:      layout_basic, grunt_decor_resistance, uniq_natasha
D:3:      layout_loops_ring, dilly_ecumenical_altar_fadedgnrine,
          solitary_fountain
D:4:      layout_layer_cave, zin_purify
D:5:      layout_loops_corners, eat_drink_and_be_merry_uskayaw,
          xom_teletrap_fun, minmay_lizard_king
D:6:      layout_gridville, mainiacjoe_overflow_concentric_impassable,
          enter_ossuary_1, uniq_blork_the_orc, uniq_edmund, uniq_maggie
D:7:      layout_loops_ring, minmay_temple_entry_glassed_door
D:8:      layout_basic, enter_bailey_2, uniq_erica
D:9:      layout_roguey, david_orc_3, minmay_shattered_shrine, uniq_gastronok
D:10:     layout_basic, gammafunk_ghost_abyssal_escape
D:11:     minmay_ice_pillars, layout_basic, erik_lair_orcish_takeover,
          serial_bayou, serial_bayou_shore_b, serial_bayou_shore_b,
          serial_bayou_ford_a, serial_bayou_crossing, hangedman_decor_riveting,
          minivault_11, item_on_display_a
D:12:     layout_loops_ring, gammafunk_ghost_arena, serial_shops,
          nicolae_shop_rolling_square, minmay_misc_feat_columns, minivault_13
D:13:     layout_loops_ring, hangedman_vaults_entry_quadrant_bands,
          serial_shops, shop, hangedman_devilish_allure
D:14:     layout_loops_corners, serial_shops, nicolae_shop_rolling_square
D:15:     hangedman_depths_entry_try_elsewhere_first, layout_basic,
          serial_bayou_pond_c, serial_shops, nicolae_shop_rolled_up,
          serial_demonic, serial_demonic_c, serial_demonic_g, serial_demonic_c,
          serial_demonic_a, serial_demonic_f, serial_demonic_c,
          serial_demonic_f, serial_demonic_c, kennysheep_inner_square,
          uniq_jorgrun
Temple:   nicolae_temple_no_exploring_needed
Lair:1:   layout_gridlike, uniq_urug
Lair:2:   layout_concentric_octagons, hellmonk_spider_entry_life_and_decay,
          uniq_amaemon
Lair:3:   layout_cave_pods, skrybe_swamp_entry_bodies, grunt_megastairs_4
Lair:4:   layout_cave_pods, slime_entry_1, basic_altar, st_stairs_3,
          serial_bayou_shore_b, infiniplex_staircase_pool, uniq_kirke
Lair:5:   minmay_lair_end_frog_pond, layout_cave_pods,
          small_statue_intersection, fungi_pond_lemuel, nicolae_lair_lil_pond
Swamp:1:  layout_falls_marsh, evilmike_swamp_ruin_house_4, worms_lemuel
Swamp:2:  layout_basic_swamp, evilmike_swamp_ruin_house_1, swamp_pool_3,
          nicolae_swamp_necromancer_hut
Swamp:3:  layout_basic_swamp, nicolae_swamp_bean_lake, swamp_pool_4
Swamp:4:  nzn_swamp_witches_coven, layout_basic_swamp, uniq_mlioglotl
Spider:1: layout_cave_pods, gammafunk_ghost_grave
Spider:2: layout_spider_delve, drop_trap
Spider:3: layout_cave_pods
Spider:4: guppyfry_spider_rune, nicolae_spider_rock_and_or_roll
Slime:1:  layout_caves
Slime:2:  nicolae_slime_pool, layout_caves
Slime:3:  layout_caves
Slime:4:  layout_caves
Slime:5:  slime_pit_nicolae_inversion
Orc:1:    layout_diamond_mine, nicolae_orc_hostile_takeover, uniq_josephine
Orc:2:    grunt_orc_cross, layout_caves, mines5_lemuel
Elf:1:    eino_elf_arrival_shootout, layout_geoelf_octagon, serial_shops, shop,
          minmay_elf_annihilation, minmay_shoptagon
Elf:2:    nicolae_elf_blades_splatter_lattice [nicolae_blade_entry_antechamber],
          layout_onion_city, basic_altar, nrook_mini_backslash
Elf:3:    elf_hall, layout_geoelf_castle
Vaults:1: nicolae_vaults_what_the_h, hangedman_vaults_river_flow,
          grunt_vaults_swirl, vaults_mumra_chevron, ontoclasm_vaults_fault,
          nicolae_vaults_wine_cellar, vaults_room_grunt_arrival_ludios,
          nicolae_vaults_network_barrier,
          nicolae_vaults_variable_pillar_hall_cross, nicolae_vaults_rhombus_5,
          nicolae_vaults_cochlea, nicolae_vaults_specimen_jars,
          layout_vaults_omnibox, uniq_aizul
Vaults:2: nicolae_vaults_network_square, nicolae_vaults_tetromino_L_2,
          hangedman_vaults_locks, nicolae_vaults_house_3, ontoclasm_vaults_chip,
          nicolae_vaults_big_ls, v_misc_12, nicolae_vaults_closet_pinwheel_5,
          vaults_room_guarded_vault, layout_vaults_quadrants,
          blue_anna_dwarven_crypt, serial_shops, uniq_mara, uniq_donald
Vaults:3: hangedman_vaults_corner, ontoclasm_vaults_chip,
          nicolae_vaults_door_testing_chamber, vaults_dpeg_diagonal,
          ontoclasm_vaults_tryst, nicolae_vaults_security_offices_2,
          nicolae_vaults_twisting_passages, hangedman_vaults_corner_blocks,
          hangedman_vaults_restitches, nicolae_vaults_shrinking_rooms_1,
          nicolae_vaults_tetromino_Z_1, layout_vaults_maze_bifur, serial_shops,
          nicolae_shop_hallway_stairs, uniq_boris
Vaults:4: st_cross, vaults_room_large_hall, vaults_dpeg_ring,
          nicolae_vaults_storage_closets_1, nicolae_vaults_tetromino_Z_2,
          not_door_vault_mu, nicolae_vaults_tangram_2, v_misc_3,
          nicolae_vaults_prndl, nicolae_vaults_yaktaur_gun_rack,
          hangedman_vaults_restitches, nicolae_vaults_six-pack, v_misc_26,
          nicolae_vaults_shelves_hall, vaults_dpeg_spiral, layout_vaults_ring,
          serial_shops, nicolae_shop_behind_doors
Vaults:5: uniq_xtahua, uniq_margery, uniq_jory
Crypt:1:  layout_misc_corridors, serial_library_regret_index_double_sided
Crypt:2:  layout_regular_city, uniq_saint_roka, uniq_sojobo
Crypt:3:  evilmike_haunted_forest
Depths:1: layout_gridville, columned_hall_lemuel,
          nicolae_hell_entry_big_baal_hell, chequers_serial_rivers_small_a,
          nicolae_the_louvre
Depths:2: evilmike_silver_temple, layout_cave_pools, enter_ziggurat_d,
          minmay_staircase_statues, pf_dread_powers_of_hell,
          grunt_pan_entry_spiral
Depths:3: cheibrodos_witchhunters_guild, layout_gridlike,
          abyss_entry_small_statue_room, hell_entry, grunt_decor_cap,
          minmay_variable_closet, skrybe_limestone_x,
          minmay_staircase_statues_hall_large, firewood_loft
Depths:4: grunt_zot_entry_bicorn, layout_twisted_cross,
          nicolae_figureground_sparkle, pf_hell_entry_tar_river,
          rand_demon_pan_entry_7, uniq_vv
Zot:1:    grunt_twist_and_shout, layout_concentric_octagons, uniq_josephina,
          uniq_tiamat
Zot:2:    layout_twisted_circle, regret_index_zotdec_banners
Zot:3:    layout_misc_corridors
Zot:4:    layout_twisted_circle, grunt_ministairs_14, st_stairs_3,
          regret_index_zotdec_serpentine_scales
Zot:5:    layout_gridlike

Skill      XL: |  1  2  3  4  5  6  7  8  9 10 11 12 13 14 15 16 17 18 19 20 21 22 23 24 25 26 27 |
---------------+----------------------------------------------------------------------------------+-----
Axes           | 4 5 6 7 9 12 15 17 18 24 27 | 27.0
Fighting       | 4 5 6 7 8 9 11 12 13 15 16 18 19 20 21 22 23 24 26 27 | 27.0
Armour         | 3 4 5 6 8 9 10 11 13 15 16 17 19 20 21 22 23 24 26 27 | 27.0
Dodging        | 3 4 5 6 7 8 10 12 13 15 16 17 18 19 20 21 22 24 26 27 | 27.0
Shields        | 9 16 17 18 19 20 21 22 23 24 25 26 27 | 27.0
Evocations     | 2 |  2.4

Action                     |  1- 3 |  4- 6 |  7- 9 | 10-12 | 13-15 | 16-18 | 19-21 | 22-24 | 25-27 || total
---------------------------+-------+-------+-------+-------+-------+-------+-------+-------+-------++-------
  Melee: Hand axe          |    60 |   142 |   278 |       |       |       |       |       |       ||   480
         Headbutt          |     8 |    18 |    87 |    92 |   178 |   271 |   342 |   432 |   347 ||  1775
         Punch             |       |     4 |    24 |     4 |       |       |       |       |       ||    32
         War axe           |       |       |   121 |    42 |       |       |       |       |       ||   163
         Battleaxe         |       |       |       |   231 |       |       |       |       |       ||   231
         Broad axe         |       |       |       |   107 |   806 |  1054 |  1325 |  1330 |  1073 ||  5695
         Executioner's axe |       |       |       |    66 |       |       |       |       |       ||    66
         Morningstar       |       |       |       |     8 |    20 |       |       |       |       ||    28
 Invoke: Berserk           |       |     2 |     2 |     3 |     5 |    11 |     7 |     6 |    12 ||    48
         Brothers in Arms  |       |       |     1 |       |       |       |       |       |       ||     1
         Trog's Hand       |       |       |       |       |     1 |     1 |     2 |     2 |     2 ||     8
  Evoke: Wand              |       |     2 |    13 |     3 |     1 |       |       |     2 |     1 ||    22
         Lightning rod     |       |       |       |       |       |     3 |       |       |       ||     3
         Phial of floods   |       |       |       |       |       |       |     1 |       |       ||     1
    Use: Scroll            |       |       |    10 |    11 |    12 |     5 |     6 |     4 |     5 ||    53
         Potion            |       |       |       |     3 |     3 |     1 |     3 |     6 |     5 ||    21
   Stab: Paralysed         |       |       |       |     1 |       |       |       |       |       ||     1
         Distracted        |       |       |       |       |       |     2 |       |     1 |       ||     3
         Invisible         |       |       |       |       |       |       |    10 |    33 |    16 ||    59
 Armour: Animal skin       |    35 |       |       |       |       |       |       |       |       ||    35
         Scale mail        |       |    81 |   145 |       |       |       |       |       |       ||   226
         Acid dragon scale |       |       |    15 |       |       |       |       |       |       ||    15
         Chain mail        |       |       |   106 |     6 |       |       |       |       |       ||   112
         Plate armour      |       |       |       |   436 |   614 |   836 |   324 |       |       ||  2210
         Gold dragon scale |       |       |       |       |       |       |   339 |   614 |   522 ||  1475
  Dodge: Dodged            |    44 |    60 |   207 |   218 |   323 |   523 |   744 |   868 |   583 ||  3570
  Block: Buckler           |       |       |       |    29 |   176 |       |       |       |       ||   205
         Tower shield      |       |       |       |       |   444 |  1481 |   255 |  1766 |  1644 ||  5590
         Kite shield       |       |       |       |       |       |       |   902 |   376 |       ||  1278
         Reflection        |       |       |       |       |       |       |    51 |    54 |    41 ||   146

Table legend: (Time is in decaauts)
 A = Elapsed time spent in this place.
 B = Non-inter-level travel time spent in this place.
 C = Inter-level travel time spent in this place.
 D = Time resting spent in this place.
 E = Time spent auto-exploring this place.
 F = Levels seen in this place.
 G = Mean time per level.
                   A        B        C        D        E       F      G
               +--------+--------+--------+--------+--------+-----+--------+
         Total |  59350 |  52082 |   7268 |   5564 |  34567 |  58 | 1023.3 |
       Dungeon |  15686 |  12648 |   3038 |    826 |   9248 |  15 | 1045.7 |
        Temple |      1 |      1 |      0 |      0 |      0 |   1 |    1.0 |
          Lair |   5261 |   4554 |    707 |    273 |   3497 |   5 | 1052.2 |
         Swamp |   3045 |   2944 |    101 |    639 |   1585 |   4 |  761.2 |
   Spider Nest |   4141 |   3903 |    238 |    259 |   2777 |   4 | 1035.2 |
    Slime Pits |   2689 |   2337 |    352 |     50 |   1795 |   5 |  537.8 |
  Orcish Mines |   1573 |   1383 |    190 |    217 |    864 |   2 |  786.5 |
   Elven Halls |   3610 |   3240 |    370 |    474 |   2052 |   3 | 1203.3 |
        Vaults |   7677 |   6666 |   1011 |    724 |   4380 |   5 | 1535.4 |
         Crypt |   4078 |   3715 |    363 |    571 |   2146 |   3 | 1359.3 |
        Depths |   4981 |   4468 |    513 |    416 |   2815 |   4 | 1245.2 |
           Zot |   5957 |   5576 |    381 |   1063 |   3185 |   5 | 1191.4 |
       Ossuary |    270 |    270 |      0 |      0 |     97 |   1 |  270.0 |
        Bailey |    376 |    376 |      0 |     49 |    122 |   1 |  376.0 |
               +--------+--------+--------+--------+--------+-----+--------+

Top non-repeatable levels by time:
 Crypt:3: 2187 daAuts
Vaults:2: 1997 daAuts
   Zot:1: 1951 daAuts
    D:11: 1882 daAuts
   Elf:3: 1640 daAuts
Vaults:3: 1518 daAuts
    D:13: 1501 daAuts
Depths:1: 1444 daAuts
Vaults:5: 1433 daAuts
Vaults:4: 1412 daAuts
Vaults:1: 1315 daAuts
    D:12: 1313 daAuts
Depths:3: 1301 daAuts
   Zot:5: 1298 daAuts
    D:15: 1289 daAuts
